 Dungeon Crawl Stone Soup version 0.19.0-11-g3fc08b3 (webtiles) character file.

294 Jerry the Charmwright (level 6, 0/32 HPs)
             Began as a Vine Stalker Skald on Nov 9, 2016.
             Slain by a gnoll
             ... wielding a +0 flail
              (6 damage)
             ... on level 3 of the Dungeon.
             The game lasted 00:13:37 (3368 turns).

Jerry the Charmwright (Vine Stalker Skald)          Turns: 3368, Time: 00:13:37

Health: 0/32       AC:  5    Str: 16    XL:     6   Next: 34%
Magic:  0/10       EV: 11    Int: 12    God:
Gold:   205        SH:  0    Dex: 14    Spells: 3 memorised, 3 levels left

rFire  . . .     SeeInvis .     a - +0 short sword
rCold  . . .     Gourm    .     b - +0 leather armour
rNeg   + . .     Faith    .     (no shield)
rPois  .         Spirit   +     (no helmet)
rElec  .         Reflect  .     (no cloak)
rCorr  .         Harm     .     l - +1 pair of gloves
MR     .....                    (no boots)
Stlth  +.........               (no amulet)
                                (no ring)
                                n - ring of positive energy

@: no status effects
A: fangs 2, regeneration 1, magic shield, antimagic bite, no device heal 3, rot
immunity
a: no special abilities


You were on level 3 of the Dungeon.
You were not hungry.

You visited 1 branch of the dungeon, and saw 3 of its levels.

You collected 205 gold pieces.

Inventory:

Hand Weapons
 a - a +0 short sword (weapon)
Armour
 b - a +0 leather armour (worn)
 l - a +1 pair of gloves (worn)
Jewellery
 n - a ring of positive energy (left hand)
Scrolls
 e - 2 scrolls of remove curse {unknown}
 f - 4 scrolls of identify {unknown}
 g - 2 scrolls of noise {unknown}
 h - a scroll of teleportation {unknown}
 i - a scroll of blinking {unknown}
 m - a scroll of immolation {unknown}
Books
 c - a book of Battle

   Spells                             Type                      Level
   a - Infusion                       Charms                       1
   b - Shroud of Golubria             Charms/Translocation         2
   c - Song of Slaying                Charms                       2
   d - Spectral Weapon                Hexes/Charms                 3
   e - Regeneration                   Charms/Necromancy            3
 o - a book of Callings

   Spells                             Type                      Level
   a - Summon Small Mammal            Summoning                    1
   b - Call Imp                       Summoning                    2
   c - Call Canine Familiar           Summoning                    3
   d - Summon Guardian Golem          Hexes/Summoning              3
   e - Summon Lightning Spire         Summoning/Air                4
   f - Summon Ice Beast               Ice/Summoning                4
Comestibles
 d - a bread ration
 j - 2 meat rations
 k - 7 chunks of flesh


   Skills:
 + Level 3.3 Fighting
 - Level 2.0 Short Blades
 + Level 2.5 Armour
 - Level 1.0 Dodging
 - Level 2.1 Spellcasting
 + Level 4.4 Charms
 + Level 2.1 Necromancy


You had 3 spell levels left.
You knew the following spells:

 Your Spells              Type           Power        Failure   Level  Hunger
a - Infusion              Chrm           ##..         8%          1    ##.....
b - Song of Slaying       Chrm           ##......     12%         2    ###....
c - Regeneration          Chrm/Necr      #.........   28%         3    ####...


Dungeon Overview and Level Annotations

Branches:
Dungeon (3/15)

Altars:


Innate Abilities, Weirdness & Mutations

You have extremely sharp teeth.
Your natural rate of healing is unusually fast.
When hurt, damage is shared between your health and your magic reserves.
Your bite disrupts and absorbs the magic of your enemies.
Potions and wands cannot restore your health.
You are immune to rotting.


Message History

There is a stone staircase leading up, spattered with blood here.
You hit the gnoll but do no damage. You closely miss the gnoll.
The gnoll hits you with a flail!
You hit the gnoll but do no damage. You bite the gnoll. You drain its power.
You feel invigorated.
The gnoll is moderately wounded.
The gnoll hits you with a flail!
You hit the gnoll. Your bite misses the gnoll.
The gnoll is heavily wounded.
The gnoll hits you with a flail.
You closely miss the gnoll. You bite the gnoll. You drain its power.
You feel invigorated.
The gnoll is heavily wounded.
The gnoll hits you with a flail!
* * * LOW HITPOINT WARNING * * *
You are too injured to fight recklessly!
You hit the gnoll.
The gnoll is severely wounded.
The gnoll hits you with a flail!
You die...

# #............##.#
#......# #
#.####g###......#
######.# #
#.#.......####### #.#
#.#=##.##.##### #.#
#.#.##g..÷....#####
#.#
###(.g.g..#..#......#
#.#
.....g#...#..#..>...#
#.#
.)..g.#........).g..#
#.#
.....##...####.†@...#
#.#
###<.##...####....(.#
#.# #
#..g†g.......÷#####
###.# #
#####.######### #...#
# #.# #.### #
#.####### #.# #
#..†....##### #†#
#.......#...#######.#
#####
#..###.(#...........#


You could see a gnoll.

Vanquished Creatures
  An orc wizard (D:3)
  An adder (D:2)
  16 gnolls
  A worm (D:2)
  4 dart slugs
  2 leopard geckos
  5 orcs (D:3)
  2 ball pythons
  5 bats
  2 giant cockroaches
  5 goblins
  9 hobgoblins
  21 jackals
  6 kobolds
  A quokka (D:3)
  3 frilled lizards
  5 rats
89 creatures vanquished.

Notes
Turn   | Place    | Note
-------+----------+-------------------------------------------
     0 | D:1      | Jerry the Vine Stalker Skald began the quest for the Orb.
     0 | D:1      | Reached XP level 1. HP: 11/11 MP: 4/4
   327 | D:1      | Reached skill level 1 in Dodging
   494 | D:1      | Reached XP level 2. HP: 15/15 MP: 6/6
   779 | D:1      | Reached skill level 1 in Armour
  1366 | D:2      | Learned a level 2 spell: Song of Slaying
  1380 | D:2      | Reached XP level 3. HP: 8/18 MP: 7/7
  2340 | D:2      | Learned a level 3 spell: Regeneration
  2346 | D:3      | Gained mutation: Your natural rate of healing is unusually fast. [Vine Stalker growth]
  2346 | D:3      | Reached XP level 4. HP: 16/23 MP: 6/8
  2419 | D:3      | Reached skill level 1 in Necromancy
  2600 | D:3      | Reached XP level 5. HP: 14/28 MP: 5/9
  3054 | D:3      | Reached skill level 4 in Charms
  3134 | D:2      | Reached XP level 6. HP: 17/32 MP: 6/10
  3368 | D:3      | Slain by a gnoll

Skill      XL: |  1  2  3  4  5 |
---------------+----------------+-----
Dodging        | 1 |  1.0
Short Blades   | 2 |  2.0
Armour         | 1 2 |  2.5
Fighting       | 2 3 |  3.3
Necromancy     | 1 2 |  2.1
Charms         | 4 |  4.4
Spellcasting   | |  2.1

Action                   |  1- 3 |  4- 6 || total
-------------------------+-------+-------++-------
Melee: Short sword       |   124 |   274 ||   398
       Bite              |    30 |    85 ||   115
 Cast: Infusion          |     1 |       ||     1
       Song of Slaying   |       |     4 ||     4
       Regeneration      |       |     2 ||     2
  Eat: Chunk             |     5 |     4 ||     9
Armor: Leather armour    |    35 |    95 ||   130
Dodge: Dodged            |    79 |   192 ||   271
